 Dungeon Crawl Stone Soup version 0.21.1-1-g345015fe64 (webtiles) character file.

456 Jannitor the Ducker (level 6, 0/32 HPs)
             Began as a Spriggan Gladiator on May 19, 2018.
             Was an Initiate of Okawaru.
             Succumbed to a worker ant's poison
             ... on level 5 of the Dungeon.
             The game lasted 00:08:26 (5386 turns).

Jannitor the Ducker (Spriggan Gladiator)            Turns: 5386, Time: 00:08:27

Health: 0/32       AC:  3    Str: 17    XL:     6   Next: 77%
Magic:  7/7        EV: 22    Int:  9    God:    Okawaru [......]
Gold:   153        SH:  0    Dex: 18    Spells: 5/5 levels left

rFire    . . .     SeeInvis +   a - +0 quarterstaff
rCold    . . .     Gourm    .   (shield currently unavailable)
rNeg     . . .     Faith    .   b - +0 robe
rPois    .         Spirit   .   c - +1 hat
rElec    .         Reflect  .   (no cloak)
rCorr    .         Harm     .   (gloves unavailable)
MR       +....                  (boots unavailable)
Stlth    ++........             (no amulet)
HPRegen  0.10/turn              (no ring)
MPRegen  0.10/turn              (no ring)

@: mighty, lethally poisoned (0 -> -4), flying, very quick
A: very small, unfitting armour, see invisible, herbivore, speed 3, slow
metabolism 2
a: Renounce Religion


You were on level 5 of the Dungeon.
You worshipped Okawaru.
Okawaru was noncommittal.
You were not hungry.

You visited 2 branches of the dungeon, and saw 6 of its levels.

You collected 153 gold pieces.

Inventory:

Hand Weapons
 a - a +0 quarterstaff (weapon)
Missiles
 d - 4 throwing nets (quivered)
Armour
 b - a +0 robe (worn)
 c - a +1 hat (worn)
Scrolls
 g - a scroll of magic mapping
 k - a scroll of teleportation {unknown}
 l - a scroll of amnesia {unknown}
 m - a scroll of enchant armour
 o - 2 scrolls of immolation
Potions
 e - a potion of might
 h - a potion of lignification
 i - 2 potions of haste
 j - a potion of brilliance
Comestibles
 f - 5 rations


   Skills:
 + Level 3.2 Fighting
 * Level 4.4 Staves
 - Level 2.0 Throwing
 + Level 6.7 Dodging


You had 5 spell levels left.
You didn't know any spells.

Dungeon Overview and Level Annotations

Branches:
Dungeon (5/15)             Temple (1/1) D:4

Altars:
Ashenzari
Cheibriados
Dithmenos
Fedhas
Kikubaaqudgha
Okawaru
Sif Muna
Trog
Vehumet
Wu Jian
Xom

Annotations:
D:2 exclusions: adder, goblin and leopard gecko, Terence
D:3 Sigmund
D:4 exclusion: ogre


Innate Abilities, Weirdness & Mutations

You are very small and have problems with some larger weapons.
You are too small for most types of armour.
You have supernaturally acute eyesight. (SInv)
You are a herbivore.
You cover ground extremely quickly.
You need consume almost no food.


Message History

There is an escape hatch in the ceiling here.
It was a potion of flight.
You feel very buoyant.
You fly up into the air.
* * * LOW HITPOINT WARNING * * *
You feel sick.
You thump the worker ant!
The worker ant is heavily wounded.
* * * LOW HITPOINT WARNING * * *
You feel sick.
The worker ant bites you but does no damage.
The worker ant barely misses you.
You sock the worker ant!
You kill the worker ant!
Okawaru accepts your kill.
* * * LOW HITPOINT WARNING * * *
You feel sick.
There is a lethal amount of poison in your body!
There is a lethal amount of poison in your body!
You die...

###.###+###..##
#....+........#
#....#........#
##..##..###'###
...##..##..##...##
...........#.....#
...##......#.....#
.. ##.>######....#
. #...##).##..†@#
#.............#
#.......##...##
+...)...####+#
##..##### #..#
#.... +....#
##...#


There were no monsters in sight!

Vanquished Creatures
  A scorpion (D:4)
  A howler monkey (D:4)
  2 bullfrog skeletons (D:4)
  An orc priest (D:5)
  2 orc wizards
  4 worker ants
  2 gnolls (D:3)
  3 adders
  An ooze (D:2)
  3 worms
  2 dart slugs
  2 leopard geckos
  14 orcs
  6 bats
  4 goblins
  7 hobgoblins
  A ball python (D:3)
  2 frilled lizards
  6 kobolds
  6 rats
70 creatures vanquished.

Notes
Turn   | Place    | Note
-------+----------+-------------------------------------------
     0 | D:1      | Jannitor the Spriggan Gladiator began the quest for the Orb.
     0 | D:1      | Reached XP level 1. HP: 10/10 MP: 2/2
   258 | D:1      | Reached XP level 2. HP: 7/15 MP: 3/3
  1079 | D:2      | Reached XP level 3. HP: 15/18 MP: 4/4
  1612 | D:2      | Noticed Terence
  2292 | D:2      | Reached skill level 5 in Dodging
  2701 | D:3      | Reached XP level 4. HP: 23/23 MP: 5/5
  2866 | D:3      | Found a shattered altar of Ashenzari.
  3224 | D:3      | Found a deep blue altar of Sif Muna.
  3403 | D:3      | Noticed Sigmund
  3443 | D:4      | Reached XP level 5. HP: 27/27 MP: 6/6
  4078 | D:4      | Found a staircase to the Ecumenical Temple.
  4087 | D:4      | Reached skill level 6 in Dodging
  4093 | Temple   | Entered the Ecumenical Temple
  4184 | Temple   | Became a worshipper of Warmaster Okawaru
  4220 | D:4      | Noticed an ogre
  4269 | D:4      | Reached XP level 6. HP: 32/32 MP: 7/7
  5318 | D:5      | Entered Level 5 of the Dungeon
  5384 | D:5      | HP: 1/32 [poisoned by a worker ant]
  5386 | D:5      | Succumbed to a worker ant's poison

Skill      XL: |  1  2  3  4  5  6 |
---------------+-------------------+-----
Fighting       | 2 3 |  3.2
Dodging        | 5 6 |  6.7
Staves         | 3 4 |  4.4
Throwing       | |  2.0

Action                   |  1- 3 |  4- 6 || total
-------------------------+-------+-------++-------
Melee: Quarterstaff      |   113 |   168 ||   281
  Use: Scroll            |     2 |     6 ||     8
       Potion            |       |     3 ||     3
 Stab: Sleeping          |     2 |       ||     2
  Eat: Ration            |       |     1 ||     1
Armor: Robe              |    15 |    12 ||    27
Dodge: Dodged            |    69 |   150 ||   219
